 Dungeon Crawl Stone Soup version 0.30.1-11-g7821555f0a (webtiles) character file.

Game seed: 15831114504616098806

63 Peloso the Shield-Bearer (level 3, -3/33 HPs)
             Began as a Minotaur Fighter on Nov 28, 2023.
             Slain by a gnoll
             ... wielding a +0 flail
              (6 damage)
             ... on level 1 of the Dungeon.
             The game lasted 00:01:26 (668 turns).

Peloso the Shield-Bearer (Minotaur Fighter)          Turns: 668, Time: 00:01:26

Health: -3/33      AC:  7    Str: 20    XL:     3   Next: 87%
Magic:  2/2        EV:  9    Int:  5    God:
Gold:   28         SH:  5    Dex: 11    Spells: 2/2 levels left

rFire   . . .        a - +0 long sword
rCold   . . .        c - +0 buckler
rNeg    . . .        b - +0 scale mail
rPois   .            (helmet restricted)
rElec   .            (no cloak)
rCorr   .            (no gloves)
SInv    .            (no boots)
Will    .....        (no amulet) Stlth
                     (no ring)
HPRegen 0.25/turn    (no ring)
MPRegen 0.08/turn

%: no passive effects
@: no status effects
A: horns 2, retaliatory headbutt
a: no special abilities


You were on level 1 of the Dungeon.
You visited 1 branch of the dungeon, and saw 2 of its levels.

You collected 28 gold pieces.

Inventory:

Hand Weapons
 a - a +0 long sword (weapon)
Armour
 b - a +0 scale mail (worn)
 c - a +0 buckler (worn)
Scrolls
 f - a scroll of identify {unknown}
Potions
 d - a potion of might


   Skills:
 + Level 4.2 Fighting
 + Level 3.1 Long Blades
 + Level 4.2 Armour
 + Level 0.1 Dodging
 + Level 4.5 Shields


You had 2 spell levels left.
You didn't know any spells.
Your spell library contained the following spells:

 Spells                   Type           Power      Damage    Failure   Level
 Magic Dart               Conj           0%         1d3       88%         1
 Ensorcelled Hibernation  Hex/Ice        0%         N/A       95%         2
 Passwall                 Tmut/Erth      0%         N/A       95%         2
 Searing Ray              Conj           0%         2d4       95%         2
 Swiftness                Air            0%         N/A       99%         3
 Fulminant Prism          Conj/Hex       0%         3d5       100%        4


Dungeon Overview and Level Annotations

Branches:
Dungeon (2/15)

Altars:


Innate Abilities, Weirdness & Mutations

You have a pair of horns on your head.
You reflexively headbutt those who attack you in melee.


Message History

You slash the gnoll!
You kill the gnoll!
The endoplasm freezes you.
You are frozen.
You barely miss the gnoll. The gnoll completely misses you.
The endoplasm misses you.
You hit the gnoll. You headbutt the gnoll!
You kill the gnoll!
The endoplasm hits you. The gnoll hits you with a +0 flail!
Your Long Blades skill increases to level 3!
Unknown command.
There is a stone staircase leading up here.
The endoplasm freezes you.
You are frozen.
You block the gnoll's attack.
You climb upwards.
There is a stone staircase leading down here.
You block the gnoll's attack. The gnoll attacks as you move away!
You block the gnoll's attack. The endoplasm attacks as you move away!
You block the endoplasm's attack.
You hit the endoplasm.
You headbutt the endoplasm, but do no damage.
The endoplasm is almost dead.
The endoplasm freezes you.
You are frozen.
The endoplasm freezes you.
You are frozen.
You hit the endoplasm.
You kill the endoplasm!
Unknown command.
You hit the gnoll. Your headbutt misses the gnoll.
The gnoll is lightly wounded.
You block the gnoll's attack.
You closely miss the gnoll.
The gnoll is lightly wounded.
You block the gnoll's attack. The gnoll hits you with a +0 flail!
* * * LOW HITPOINT WARNING * * *
You slash the gnoll!
The gnoll is almost dead.
The gnoll hits you with a +0 flail.
You die...

#.......................
#...#...................
##..#####.#........#.... #..#
#..........#.... #### #..#
#...#......#.... ...######
#..#####....#..)..#....
........###..รท.........#....#....
...###.......###.#......#...#...#
#.## ##.###### #@#.......#.....#.
..# ### #g#........#...#.. ###
#####.#...............
#....>..######...<...#
#.###.#............... #.#
#.#........#...#.. #.#
#.#.......#.....#. #.#
#.#......#...#...# #.#
#.#.....#....#....


You could see a gnoll.

Vanquished Creatures
  2 gnolls (D:2)
  A dart slug (D:1)
  A ball python (D:1)
  5 bats (D:1)
  2 endoplasms (D:1)
  4 giant cockroaches
  7 goblins (D:1)
  5 hobgoblins (D:1)
  2 jackals (D:1)
  A quokka (D:1)
  2 frilled lizards (D:1)
  A kobold (D:1)
  4 rats (D:1)
37 creatures vanquished.

Notes
Turn   | Place    | Note
-------+----------+-------------------------------------------
     0 | D:1      | Peloso the Minotaur Fighter began the quest for the Orb.
     0 | D:1      | Reached XP level 1. HP: 19/19 MP: 0/0
    29 | D:1      | Reached XP level 2. HP: 27/27 MP: 1/1
   266 | D:1      | Reached XP level 3. HP: 31/33 MP: 2/2
   644 | D:2      | Found a faded altar of an unknown god.
   668 | D:1      | Slain by a gnoll

Illustrated notes

Levels and vault maps discovered:
D:1:      minmay_arrival_radiant_lines, layout_loops_ring
D:2:      layout_basic, nicolae_ecumenical_pavilion, minmay_box_of_dots

Skill      XL: |  1  2  3 |
---------------+----------+-----
Shields        | 4 |  4.5
Armour         | 4 |  4.2
Fighting       | 4 |  4.2
Long Blades    | 3 |  3.1
Dodging        | |  0.1

Action                     || total
---------------------------++-------
  Melee: Long sword        ||    75
         Headbutt          ||     8
    Use: Scroll            ||     1
 Armour: Scale mail        ||    31
  Dodge: Dodged            ||    50
  Block: Buckler           ||    27
